 Dungeon Crawl Stone Soup version 0.30.2 (webtiles) character file.

Game seed: 17843817210904925053

210 porpoise the Shooter (level 6, -12/47 HPs)
             Began as a Human Hunter on Mar 27, 2024.
             Mangled by an ogre
             ... wielding a +0 giant club
              (28 damage)
             ... on level 3 of the Dungeon.
             The game lasted 00:06:50 (2394 turns).

porpoise the Shooter (Human Hunter)                 Turns: 2394, Time: 00:06:51

Health: -12/47     AC:  3    Str: 12    XL:     6   Next: 12%
Magic:  6/6        EV: 12    Int:  9    God:
Gold:   110        SH:  0    Dex: 18    Spells: 5/5 levels left

rFire   . . .        a - +0 shortbow
rCold   . . .        (shield currently unavailable)
rNeg    . . .        c - +0 leather armour
rPois   .            (no helmet)
rElec   .            (no cloak)
rCorr   .            (no gloves)
SInv    .            (no boots)
Will    .....        (no amulet)
Stlth   ++           (no ring)
HPRegen 0.27/turn    (no ring)
MPRegen 0.10/turn

%: no passive effects
@: no status effects
A: no striking features
a: no special abilities


You were on level 3 of the Dungeon.
You visited 1 branch of the dungeon, and saw 4 of its levels.

You collected 134 gold pieces.
You spent 24 gold pieces at shops.

Inventory:

Hand Weapons
 a - a +0 shortbow (weapon)
 b - a +2 dagger of venom
 q - a +0 short sword of venom
 u - the +1 short sword of Annoyance {freeze, Will+ Str+4}
   (You found it on level 3 of the Dungeon)

   Str:       It affects your strength (+4).
   Will:      It increases your willpower.
 w - the +7 rapier of Sequestration {freeze, Will+}
   (You found it on level 3 of the Dungeon)

   Will:      It increases your willpower.
Missiles
 j - 2 boomerangs
 m - 4 atropa-tipped darts
Armour
 c - a +0 leather armour (worn)
Jewellery
 r - a +6 ring of intelligence
Wands
 f - a wand of polymorph (6)
Scrolls
 d - a scroll of immolation
 g - 2 scrolls of butterflies
 l - a scroll of blinking {unknown}
 o - 2 scrolls of silence
 s - a scroll of noise
 t - a scroll of fear {unknown}
 v - a scroll of vulnerability {unknown}
 y - a scroll of enchant armour {unknown}
Potions
 e - 2 potions of might
 h - a potion of cancellation
 i - a potion of heal wounds
 k - a potion of magic {unknown}
 n - a potion of invisibility {unknown}
 p - a potion of curing {unknown}
 x - a potion of degeneration {unknown}
 z - a potion of ambrosia {unknown}
 A - a potion of mutation {unknown}
 B - a potion of flight {unknown}


   Skills:
 + Level 3.3 Fighting
 * Level 5.6 Ranged Weapons
 - Level 2.0 Dodging
 + Level 3.0 Stealth


You had 5 spell levels left.
You didn't know any spells.
Your spell library contained the following spells:

 Spells                   Type           Power      Damage    Failure   Level
 Tukima's Dance           Hex            0%         N/A       83%         3
 Passage of Golubria      Tloc           0%         N/A       99%         4
 Yara's Violent Unravell  Hex/Tmut       0%         3d3       100%        5


Dungeon Overview and Level Annotations

Branches:
Dungeon (4/15)
 Temple: D:4-7

Altars:

Shops:
D:1 ?   D:2 :


Message History

The jackal attacks as you move away! The jackal misses you.
A goblin comes into view. It is wielding a +0 dagger.
You feel sick. The jackal closely misses you.
There is a stone staircase leading up here.
You shoot an arrow. The arrow hits the jackal!
You kill the jackal!
You feel sick. The adder bites you but does no damage.
Your Stealth skill increases to level 3!
You shoot an arrow. The arrow hits the adder.
The adder is heavily wounded.
You feel sick. The adder bites you but does no damage. The adder bites you.
You shoot an arrow. The arrow barely misses the adder.
The arrow hits the goblin!
You kill the goblin!
You feel sick.
You are no longer poisoned.
The adder bites you but does no damage.
You shoot an arrow. The arrow hits the adder!
You kill the adder!
You shoot an arrow. The arrow hits the ogre!
The ogre is moderately wounded.
The ogre barely misses you. The goblin barely misses you.
The goblin hits you with a +0 dagger.
The ogre hits you with a +0 giant club!!
You climb upwards.
There is a stone staircase leading down here.
You are too injured to fight recklessly!
You are too injured to fight recklessly!
You are too injured to fight recklessly!
You shoot an arrow. The arrow hits the ogre!
The ogre is heavily wounded.
The goblin hits you with a +0 dagger.
You shoot an arrow. The arrow barely misses the ogre.
The goblin hits you with a +0 dagger. The ogre misses you.
The goblin closely misses you.
You shoot an arrow. The arrow hits the ogre.
The ogre is severely wounded.
The ogre hits you with a +0 giant club!!
Ouch! That really hurt!
You die...

.............................#...
........#####................#.#.
.......#.###.#.................#.
....†.#.#.#.#.#......#.....######
......##.#.#.##.....######.# #
#.....###.#)###..##.# ##..######
#.....##.#.#.##..##.####..###....
#.....#.#.#.#.#..........####....
#......#.###.#.O@##..............
#.#.....#####)..g###....##.......
#...#.......[.......)########....
.................##### #....
......>.........## #....
.....[..........# #####
#####...........# #...........#
#...........#


You could see an ogre and a goblin.

Vanquished Creatures
  Natasha (thrice) (D:3)
  4 adders
  2 worms
  2 dart slugs (D:1)
  4 orcs (D:3)
  5 ball pythons
  6 endoplasms
  3 giant cockroaches (D:1)
  10 goblins
  5 hobgoblins
  7 jackals
  13 kobolds
  A quokka (D:2)
  11 bats
  2 frilled lizards
  7 rats
85 creatures vanquished.

Notes
Turn   | Place    | Note
-------+----------+-------------------------------------------
     0 | D:1      | porpoise the Human Hunter began the quest for the Orb.
     0 | D:1      | Reached XP level 1. HP: 16/16 MP: 1/1
    17 | D:1      | Found a faded altar of an unknown god.
    80 | D:1      | Reached XP level 2. HP: 22/22 MP: 2/2
   262 | D:1      | Reached XP level 3. HP: 28/28 MP: 3/3
   365 | D:1      | Found Tuuzatoe's Magic Scroll Shop.
   374 | D:1      | Bought a scroll of identify for 24 gold pieces
   689 | D:2      | Found Plog's Book Shoppe.
   712 | D:2      | Reached XP level 4. HP: 34/34 MP: 4/4
  1319 | D:3      | Noticed Natasha
  1512 | D:3      | Killed Natasha
  1513 | D:3      | Reached skill level 5 in Ranged Weapons
  1514 | D:3      | Reached XP level 5. HP: 17/40 MP: 5/5
  1847 | D:3      | Identified the +7 rapier of Sequestration {freeze, Will+}
  1875 | D:3      | Identified the +1 short sword of Annoyance {freeze, Will+
                  | Str+4}
  2002 | D:3      | Noticed Natasha
  2014 | D:3      | Killed Natasha
  2030 | D:3      | Noticed Natasha
  2033 | D:3      | Killed Natasha
  2034 | D:3      | Reached XP level 6. HP: 24/47 MP: 6/6
  2383 | D:4      | Noticed an ogre
  2394 | D:3      | Mangled by an ogre

Illustrated notes

Levels and vault maps discovered:
D:1:      nicolae_arrival_memento_mori, layout_basic,
          shapermc_ecumenical_altar_starsandcircs, serial_shops,
          nicolae_square_shop
D:2:      layout_basic, serial_shops, nicolae_shop_just_a_little_nook,
          serial_rivers, chequers_serial_rivers_micro_e,
          chequers_serial_rivers_marsh, chequers_serial_rivers_micro_c,
          chequers_serial_rivers_micro_a, chequers_serial_rivers_small_a
D:3:      layout_rooms, minmay_circle_x, uniq_natasha
D:4:      layout_loops_corners, fedhas_altar_3

Skill      XL: |  1  2  3  4  5  6 |
---------------+-------------------+-----
Stealth        | 2 3 |  3.0
Ranged Weapons | 5 |  5.6
Fighting       | 3 |  3.3
Dodging        | |  2.0

Action                     |  1- 3 |  4- 6 || total
---------------------------+-------+-------++-------
   Fire: Shortbow          |    62 |   147 ||   209
    Use: Scroll            |       |     6 ||     6
 Armour: Leather armour    |     5 |    18 ||    23
  Dodge: Dodged            |    16 |    56 ||    72
